 Dungeon Sprint DCSS version 0.31-a0-1-g4198be8af4 (webtiles) character file.

Game seed: 17425381619060362909

77 123456 the Trooper (level 4, -3/45 HPs)
             Began as a Minotaur Fighter on May 2, 2023.
             Slain by an iguana (8 damage)
             ... in the Dungeon (Sprint IX: "|||||||||||||||||||||||||||||").
             The game lasted 00:00:11 (83 turns).

123456 the Trooper (Minotaur Fighter)                 Turns: 83, Time: 00:00:12

Health: -3/45      AC:  7    Str: 23    XL:     4   Next: 14%
Magic:  3/3        EV: 10    Int:  5    God:
Gold:   0          SH:  4    Dex:  9    Spells: 3/3 levels left

rFire   . . .        a - +0 flail
rCold   . . .        c - +0 buckler
rNeg    . . .        b - +0 scale mail
rPois   .            (helmet restricted)
rElec   .            (no cloak)
rCorr   .            (no gloves)
SInv    .            (no boots)
Will    .....        (no amulet) Stlth
                     (no ring)
HPRegen 0.27/turn    (no ring)
MPRegen 0.08/turn

%: no teleportation
@: no status effects
A: horns 2, retaliatory headbutt
a: no special abilities


You were in the Dungeon.
You visited 1 branch

Inventory:

Hand Weapons
 a - a +0 flail (weapon)
Armour
 b - a +0 scale mail (worn)
 c - a +0 buckler (worn)
Scrolls
 j - a scroll of blinking
Potions
 d - a potion of might
 e - a potion of curing
 f - a potion of heal wounds
 g - a potion of haste
 h - 2 potions of magic
 i - a potion of berserk rage


   Skills:
 * Level 6.7 Fighting
 * Level 6.1 Maces & Flails
 + Level 5.3 Armour
 + Level 3.2 Dodging
 - Level 3.6 Shields


You had 3 spell levels left.
You didn't know any spells.
Your spell library was empty.

Dungeon Overview and Level Annotations

Branches:
Dungeon (1/1)

Altars:


Innate Abilities, Weirdness & Mutations

You have a pair of horns on your head.
You reflexively headbutt those who attack you in melee.


Message History

The hound is almost dead.
You block the hound's attack.
The gnoll hits you from afar with a +0 spear.
* * * LOW HITPOINT WARNING * * *
The hound barely misses you.
You hit the hound. Your headbutt misses the hound.
The hound is almost dead.
The hound misses you. The gnoll closely misses you.
You closely miss the hound.
The hound is almost dead.
The hound bites you.
* * * LOW HITPOINT WARNING * * *
The gnoll closely misses you. You block the hound's attack.
You closely miss the hound.
The hound is almost dead.
The hound bites you.
* * * LOW HITPOINT WARNING * * *
The gnoll barely misses you. The hound closely misses you.
You furiously retaliate!
You headbutt the hound!
You kill the hound!
Your Fighting skill increases to level 6!
Your Armour skill increases to level 5!
Your Dodging skill increases to level 3!
You have reached level 4!
You feel stronger. The gnoll misses you.
There is an open door, spattered with blood here.
Things that are here:
a +0 hand axe; a hound corpse You sock the gnoll!
You headbutt the gnoll, but do no damage.
The gnoll is severely wounded.
The gnoll barely misses you. x2
You closely miss the gnoll.
The gnoll is severely wounded.
The gnoll closely misses you. You furiously retaliate!
You headbutt the gnoll!
You kill the gnoll!
Your Maces & Flails skill increases to level 6!
The iguana bites you!
You die... ▓▓▓▓▓▓▓▓▓▓▓▓▓▓▓▓▓▓ +...l@).....)...<▓ ▓▓▓▓▓▓▓▓▓▓▓▓▓▓▓▓▓▓

You could see an iguana.

Vanquished Creatures
  A hound (D)
  An iguana (D)
  A gnoll (D)
  An orc (D)
  A ball python (D)
  A giant cockroach (D)
  A goblin (D)
  A kobold (D)
  A rat (D)
9 creatures vanquished.

Notes
Turn   | Place    | Note
-------+----------+-------------------------------------------
     0 | D        | 123456 the Minotaur Fighter began the quest for the Orb.
     0 | D        | Reached XP level 1. HP: 19/19 MP: 0/0
     8 | D        | Reached skill level 1 in Dodging
    64 | D        | Noticed an iguana
    64 | D        | Noticed a hound
    64 | D        | Noticed an iguana
    67 | D        | Killed an iguana
    68 | D        | Reached skill level 5 in Fighting
    68 | D        | Reached XP level 2. HP: 30/30 MP: 1/1
    68 | D        | Reached XP level 3. HP: 37/37 MP: 2/2
    70 | D        | Reached skill level 5 in Maces & Flails
    80 | D        | Reached skill level 5 in Armour
    80 | D        | Reached XP level 4. HP: 4/45 MP: 3/3
    83 | D        | Slain by an iguana

Illustrated notes

Levels and vault maps discovered:
D:        linesprint [early_d, line_temple, items_1, d_10, items_2, lair_1,
          lair_end, items_3, orc_1, orc_end, items_4, d_15, swamp_1, shoals_1,
          snake_1, spider_1, d_20, vaults_1, items_5, swamp_end, shoals_end,
          snake_end, spider_end, vaults_end, d_27, items_6, zot_1, zot_end,
          crypt_end, forest_end, elf_end, slime_end, tomb_end, abyss_end,
          pan_hell_end]

Skill      XL: |  1  2  3  4 |
---------------+-------------+-----
Fighting       | 5 6 |  6.7
Maces & Flails | 4 5 6 |  6.1
Dodging        | 2 3 |  3.2
Armour         | 4 5 |  5.3
Shields        | |  3.6

Action                     |  1- 3 |  4- 6 || total
---------------------------+-------+-------++-------
  Melee: Flail             |    33 |     2 ||    35
         Headbutt          |     1 |     1 ||     2
 Armour: Scale mail        |    10 |       ||    10
  Dodge: Dodged            |    19 |     4 ||    23
  Block: Buckler           |     9 |       ||     9

Table legend: (Time is in decaauts)
 A = Elapsed time spent in this place.
 B = Non-inter-level travel time spent in this place.
 C = Inter-level travel time spent in this place.
 D = Time resting spent in this place.
 E = Time spent auto-exploring this place.
 F = Levels seen in this place.
 G = Mean time per level.
                   A        B        C        D        E       F      G
               +--------+--------+--------+--------+--------+-----+--------+
         Total |     91 |     91 |      0 |      0 |     45 |   1 |   91.0 |
       Dungeon |     91 |     91 |      0 |      0 |     45 |   1 |   91.0 |
               +--------+--------+--------+--------+--------+-----+--------+

Top non-repeatable levels by time:
       D: 91 daAuts
